 Dungeon Crawl Stone Soup version 0.31.0-1-g2c135a0 (webtiles) character file.

Game seed: 18381734558866558959

569 ElricMelnibone the Sneak (level 7, -2/36 HPs)
             Began as a Vine Stalker Hexslinger on Apr 7, 2024.
             Succumbed to a scorpion's poison
             ... on level 6 of the Dungeon.
             The game lasted 00:10:20 (2507 turns).

ElricMelnibone the Sneak (Vine Stalker Hexslinger)  Turns: 2507, Time: 00:10:20

Health: -2/36      AC:  3    Str: 11    XL:     7   Next: 33%
Magic:  6/12       EV: 13    Int: 15    God:
Gold:   212        SH:  0    Dex: 16    Spells: 10/12 levels left

rFire   . . .        g - +1 arbalest
rCold   . . .        (shield currently unavailable)
rNeg    . . .        c - +0 robe
rPois   .            n - +1 hat
rElec   .            (no cloak)
rCorr   .            (no gloves)
SInv    .            (no boots)
Will    .....        f - amulet of magic regeneration
Stlth   +++          (no ring)
HPRegen 1.06/turn    (no ring)
MPRegen 0.53/turn

%: guardian spirit
@: lethally poisoned (-2 -> -10)
A: fangs 2, regeneration 1, magic shield, antimagic bite, no potion heal 2
a: no special abilities


You were on level 6 of the Dungeon.
You visited 1 branch of the dungeon, and saw 6 of its levels.

You collected 212 gold pieces.

Inventory:

Hand Weapons
 a - a +1 sling
 g - a +1 arbalest (weapon)
 o - a +1 short sword of venom
Armour
 c - a +0 robe (worn)
 n - a +1 hat (worn)
Jewellery
 f - an amulet of magic regeneration (around neck)
Wands
 s - a wand of flame (5)
Scrolls
 b - 3 scrolls of poison
 d - a scroll of amnesia
 m - a scroll of noise
 q - a scroll of acquirement
 u - a scroll of identify
Potions
 e - 2 potions of attraction {unknown}
 h - 2 potions of degeneration {unknown}
 i - a potion of invisibility {unknown}
 k - a potion of mutation {unknown}
 p - 3 potions of curing {unknown}
 r - a potion of magic {unknown}
 t - a potion of brilliance {unknown}


   Skills:
 - Level 3.0 Fighting
 - Level 2.0 Ranged Weapons
 + Level 2.8 Dodging
 * Level 5.0 Stealth
 - Level 3.0 Spellcasting
 - Level 4.0 Hexes
 * Level 2.2 Fire Magic


You had 10 spell levels left.
You knew the following spells:

 Your Spells              Type           Power      Damage    Failure   Level
a - Jinxbite              Hex            28%        N/A       6%          2

Your spell library contained the following spells:

 Spells                   Type           Power      Damage    Failure   Level
 Sigil of Binding         Hex            14%        N/A       12%         3
 Inner Flame              Hex/Fire       11%        N/A       17%         3
 Mercury Vapours          Alch/Air       4%         N/A       30%         2
 Cause Fear               Hex            7%         N/A       36%         4
 Fugue of the Fallen      Necr           2%         N/A       52%         3
 Mephitic Cloud           Conj/Alch/Air  2%         N/A       52%         3
 Ozocubu's Armour         Ice            2%         N/A       52%         3
 Dimensional Bullseye     Hex/Tloc       4%         N/A       65%         4
 Animate Armour           Summ/Erth      4%         N/A       89%         4
 Manifold Assault         Tloc           2%         N/A       89%         4
 Summon Lightning Spire   Summ/Air       2%         N/A       89%         4
 Freezing Cloud           Conj/Ice/Air   1%         6-21      99%         5
 Lee's Rapid Deconstruct  Erth           1%         3d4*      99%         5


Dungeon Overview and Level Annotations

Branches:
Dungeon (6/15)
 Temple: D:4-7

Altars:
Okawaru
Vehumet

Annotations:
D:2 Sigmund
D:5 Duvessa


Innate Abilities, Weirdness & Mutations

You have extremely sharp teeth.
Your natural rate of healing is unusually fast.
When hurt, damage is shared between your health and your magic reserves.
Your bite disrupts and absorbs the magic of your enemies.
Potions cannot restore your health.


Message History

You feel very sick. The scorpion barely misses you.
You feel very sick. The scorpion attacks as it pursues you!
The scorpion misses you.
Found a stone staircase leading down.
You feel sick.
You feel sick. The scorpion misses you.
You feel sick.
Duvessa shouts!
You hear a shout!
Found a dagger and a spear.
You feel sick.
A black bear comes into view.
You feel sick.
The black bear growls angrily.
You feel sick.
You feel sick. The scorpion attacks as it pursues you!
The scorpion barely misses you.
There is a stone staircase leading down here.
You feel sick.
You are no longer poisoned.
The scorpion barely misses you. x2
You climb downwards.
There is a stone staircase leading up here.
You shoot a bolt. The bolt hits the scorpion!
The scorpion is almost dead.
The scorpion stings you. The scorpion closely misses you.
You shoot a bolt.
The bolt hits the scorpion but does no damage.
The scorpion is almost dead.
The scorpion stings you.
You are poisoned.
The scorpion poisons you! The scorpion stings you.
You are lethally poisoned!
The scorpion poisons you!
You shoot a bolt. The bolt barely misses the scorpion.
* * * LOW HITPOINT WARNING * * *
You feel extremely sick. The scorpion stings you.
* * * LOW HITPOINT WARNING * * *
The scorpion barely misses you.
You shoot a bolt. The bolt closely misses the scorpion.
You die...

#. .. .#
.# .# .#
####s####
#..@....#
#.##.##.#
# .# ..
###


You could see a scorpion.

Vanquished Creatures
  Edmund (D:4)
  An ogre (D:5)
  3 scorpions (D:4)
  A hound (D:5)
  An orc priest (D:3)
  3 adders
  2 dart slugs
  A ribbon worm (D:2)
  10 orcs
  5 bats
  6 endoplasms
  4 giant cockroaches
  9 hobgoblins
  6 jackals
  2 quokkas
  7 ball pythons
  2 frilled lizards
  10 goblins
  3 kobolds
  4 rats
81 creatures vanquished.

Notes
Turn   | Place    | Note
-------+----------+-------------------------------------------
     0 | D:1      | ElricMelnibone the Vine Stalker Hexslinger began the quest
                  | for the Orb.
     0 | D:1      | Reached XP level 1. HP: 9/9 MP: 3/3
   110 | D:1      | Reached skill level 1 in Fighting
   132 | D:1      | Reached XP level 2. HP: 14/14 MP: 2/4
   155 | D:1      | Learned a level 2 spell: Jinxbite
   281 | D:1      | Reached skill level 1 in Stealth
   930 | D:2      | Reached XP level 3. HP: 18/18 MP: 4/6
  1015 | D:2      | Noticed Sigmund
  1123 | D:3      | Reached skill level 2 in Stealth
  1123 | D:3      | Reached XP level 4. HP: 7/23 MP: 2/7
  1463 | D:3      | Found an iron altar of Okawaru.
  1606 | D:3      | Found a radiant altar of Vehumet.
  2010 | D:4      | Reached XP level 5. HP: 26/26 MP: 8/8
  2112 | D:4      | Noticed Edmund
  2157 | D:4      | Reached skill level 3 in Stealth
  2185 | D:4      | Reached XP level 6. HP: 32/32 MP: 10/10
  2230 | D:4      | Killed Edmund
  2231 | D:4      | Reached skill level 4 in Stealth
  2294 | D:4      | Reached XP level 7. HP: 36/36 MP: 12/12
  2372 | D:5      | Entered Level 5 of the Dungeon
  2406 | D:5      | Reached skill level 5 in Stealth
  2421 | D:5      | Identified a scroll of acquirement
  2481 | D:5      | Noticed Duvessa
  2507 | D:6      | Succumbed to a scorpion's poison

Illustrated notes

Levels and vault maps discovered:
D:1:      saegor_arrival_simple_c, layout_basic
D:2:      layout_basic, serial_forest, infiniplex_forest_lined_room_2,
          infiniplex_forest_lined_4_way, infiniplex_forest_clump_tiny,
          infiniplex_forest_clump_small, infiniplex_forest_clump_cross,
          infiniplex_forest_clump_C, due_unseen_surprise, uniq_sigmund,
          uniq_natasha
D:3:      layout_loops_corners, nicolae_vehumet_radiance, okawaru_trees_1,
          minmay_gold_behind_fungi, minmay_misc_feat_rows, chequers_big_river
D:4:      layout_gridville, uniq_robin, uniq_edmund
D:5:      layout_cave_pools, nicolae_ru_path_of_blood,
          minmay_temple_entry_statues_fountains,
          mainiacjoe_sewer_entry_somewhere_in_here_2, uniq_duvessa,
          uniq_crazy_yiuf_cottage, uniq_ijyb
D:6:      layout_loops_cross, serial_bayou_pond_e

Skill      XL: |  1  2  3  4  5  6  7 |
---------------+----------------------+-----
Fighting       | 1 2 3 |  3.0
Stealth        | 1 2 3 4 5 |  5.0
Ranged Weapons | 2 |  2.0
Dodging        | 2 |  2.8
Spellcasting   | 2 3 |  3.0
Hexes          | 4 |  4.0
Fire Magic     | 2 |  2.2

Action                     |  1- 3 |  4- 6 |  7- 9 || total
---------------------------+-------+-------+-------++-------
   Fire: Sling             |    27 |       |       ||    27
         Arbalest          |    33 |    89 |    53 ||   175
   Cast: Jinxbite          |     3 |     1 |     1 ||     5
    Use: Scroll            |       |       |     5 ||     5
 Armour: Robe              |    17 |    15 |    42 ||    74
  Dodge: Dodged            |    18 |    32 |    58 ||   108
